 Dungeon Crawl Stone Soup version 0.27.0-1-g7a089689b8 (webtiles) character file.

Game seed: 16518710671949743568

5 gimp the Poker (level 1, -1/12 HPs)
             Began as a Tengu Warper on Aug 7, 2021.
             Succumbed to an adder's poison
             ... on level 2 of the Dungeon.
             The game lasted 00:00:32 (314 turns).

gimp the Poker (Tengu Warper)                        Turns: 314, Time: 00:00:33

Health: -1/12      AC:  3    Str: 11    XL:     1   Next: 80%
Magic:  4/4        EV: 11    Int: 13    God:
Gold:   0          SH:  0    Dex: 13    Spells: 4/4 levels left

rFire    . . .     SeeInvis .   a - +0 spear
rCold    . . .     Faith    .   (no shield)
rNeg     . . .     Spirit   .   b - +0 leather armour
rPois    .         Reflect  .   (helmet restricted)
rElec    .         Harm     .   (no cloak)
rCorr    .         Rampage  .   (no gloves)
Will     .....                  (boots unavailable)
Stlth    +.........             (no amulet)
HPRegen  0.04/turn              (no ring)
MPRegen  0.09/turn              (no ring)

@: lethally poisoned (-1 -> -9)
A: beak, talons 3
a: no special abilities


You were on level 2 of the Dungeon.
You visited 1 branch of the dungeon, and saw 2 of its levels.

Inventory:

Hand Weapons
 a - a +0 spear (weapon)
Missiles
 d - 5 boomerangs of dispersal (quivered)
Armour
 b - a +0 leather armour (worn)
Scrolls
 c - a scroll of blinking


   Skills:
 + Level 2.1 Fighting
 * Level 2.6 Polearms
 - Level 1.0 Throwing
 - Level 1.1 Armour
 - Level 2.1 Dodging
 - Level 2.0 Spellcasting
 - Level 2.4 Translocations


You had 4 spell levels left.
You didn't know any spells.
Your spell library contained the following spells:

 Spells                   Type           Power      Damage    Failure   Level
 Blink                    Tloc           N/A        N/A       19%         2
 Gell's Gravitas          Tloc           3%         N/A       36%         3
 Lesser Beckoning         Tloc           3%         N/A       36%         3
 Teleport Other           Tloc           7%         N/A       36%         3
 Manifold Assault         Tloc           7%         N/A       98%         5


Dungeon Overview and Level Annotations

Branches:
Dungeon (2/15)

Altars:

Shops:
D:1 ?


Innate Abilities, Weirdness & Mutations

You have a beak for a mouth.
You have claws for feet.


Message History

An adder is nearby!
The adder hisses angrily.
You reach to attack!
You closely miss the adder. You hit the adder. Your kick misses the adder.
The adder is lightly wounded.
The adder bites you but does no damage.
You miss the adder. The adder bites you. x2
You take 3 damage, and have 9/12 hp.
MASSIVE DAMAGE!!
You hit the adder. You peck the adder.
The adder is severely wounded.
The adder barely misses you.
You closely miss the adder.
The adder is severely wounded.
The adder bites you.
You take 3 damage, and have 6/12 hp.
MASSIVE DAMAGE!!
You are too injured to fight recklessly!
You are too injured to fight recklessly!
You are too injured to fight recklessly!
You hit the adder but do no damage. You peck the adder.
The adder is almost dead.
The adder bites you but does no damage. The adder bites you.
You take 2 damage, and have 4/12 hp.
You barely miss the adder.
The adder is almost dead.
The adder completely misses you.
You miss the adder. Your kick misses the adder.
The adder is almost dead.
The adder bites you.
* * * LOW HITPOINT WARNING * * *
You take 1 damage, and have 3/12 hp.
You miss the adder.
The adder is almost dead.
The adder bites you.
* * * LOW HITPOINT WARNING * * *
You are lethally poisoned!
The adder poisons you!
You take 2 damage, and have 1/12 hp.
You miss the adder.
The adder is almost dead.
You die...

## ##.# #.#.#
.#.#.# #.#.##
#.#S## #.#@##
##.#.##
##.#.##
##.#.##
##.#.#######
##.#.#.....
##.#..#######
##..........
##...########


You could see an adder.

Vanquished Creatures
  A giant cockroach (D:1)
  A hobgoblin (D:1)
  A bat (D:2)
  3 rats (D:1)
6 creatures vanquished.

Notes
Turn   | Place    | Note
-------+----------+-------------------------------------------
     0 | D:1      | gimp the Tengu Warper began the quest for the Orb.
     0 | D:1      | Reached XP level 1. HP: 12/12 MP: 4/4
   178 | D:1      | Found Quan Gau's Magic Scroll Emporium.
   314 | D:2      | Succumbed to an adder's poison

Illustrated notes

Levels and vault maps discovered:
D:1:      dpeg_arrival_prison, layout_basic, serial_shops, shop,
          nicolae_lakefront_shop, shop, shop, shop, minmay_misc_feat_hallway,
          minmay_misc_feat_secret_circle
D:2:      minmay_inner_zag, layout_basic, shapermc_ecumenical_altar_ellora,
          corner_web_ring

Action                   || total
-------------------------++-------
Melee: Spear             ||    37
       Kick              ||     7
       Peck              ||     4
 Stab: Sleeping          ||     1
Armor: Leather armour    ||     7
Dodge: Dodged            ||    14
